 Dungeon Crawl Stone Soup version 0.28.0 (webtiles) character file.

Game seed: 1837866056324432379

2632 mkm the Conjurer (level 9, -4/52 HPs)
             Began as a Gargoyle Fire Elementalist on Feb 12, 2022.
             Was a Believer of Vehumet.
             Killed from afar by a steam dragon (11 damage)
             ... with a ball of steam
             ... on level 8 of the Dungeon.
             The game lasted 00:28:08 (9148 turns).

mkm the Conjurer (Gargoyle Fire Elementalist)       Turns: 9148, Time: 00:28:08

Health: -4/52      AC: 18    Str: 15    XL:     9   Next: 61%
Magic:  17/18      EV: 12    Int: 24    God:    Vehumet [**....]
Gold:   434        SH:  0    Dex: 10    Spells: 13/20 levels left

rFire   . . .      SeeInvis .   B - +7 Singing Sword {vorpal, sonic wave}
rCold   . . .      Faith    .   (no shield)
rNeg    + . .      Spirit   .   A - +1 leather armour of Freedom {Int+4}
rPois   ∞          Reflect  .   f - +1 helmet
rElec   +          Harm     .   v - +0 cloak
rCorr   .          Rampage  .   (no gloves)
Will    .....                   (no boots)
Stlth   ++........              n - amulet of Syndicalism {RegenMP Str+3 Slay+3}
HPRegen 0.17/turn               c - +4 ring of protection
MPRegen 0.56/turn               (no ring)

@: no status effects
A: sickness immunity, AC +6, negative energy resistance 1, electricity
resistance, torment resistance 1, petrification resistance
a: Renounce Religion


You were on level 8 of the Dungeon.
You worshipped Vehumet.
Vehumet was pleased with you.
You visited 2 branches of the dungeon, and saw 11 of its levels.

You collected 434 gold pieces.

Inventory:

Hand Weapons
 e - a +1 dire flail of draining
 B - the +7 Singing Sword (weapon) {vorpal, sonic wave}
   (You found it on level 7 of the Dungeon)

   It inflicts extra damage upon your enemies.
   It radiates damaging sonic waves as it strikes, especially in combat
   involving dangerous or numerous foes.
Missiles
 p - 2 throwing nets
Armour
 a - a +0 robe
 f - a +1 helmet (worn)
 v - a +0 cloak (worn)
 A - the +1 leather armour of Freedom (worn) {Int+4}
   (You found it on level 9 of the Dungeon)

   Int:       It affects your intelligence (+4).
Magical Staves
 w - a staff of cold
Jewellery
 c - a +4 ring of protection (left hand)
 m - an amulet of magic regeneration
 n - the amulet of Syndicalism (around neck) {RegenMP Str+3 Slay+3}
   (You found it on level 3 of the Dungeon)

   [amulet of magic regeneration]

   It increases your rate of magic regeneration.
   Str:       It affects your strength (+3).
   Slay:      It affects your accuracy & damage with ranged weapons and melee
   (+3).
Wands
 g - a wand of paralysis (6)
 r - a wand of acid (5)
 t - a wand of iceblast (13)
 y - a wand of mindburst (12)
 z - a wand of flame (17)
 C - a wand of charming (5)
Scrolls
 j - a scroll of enchant weapon {unknown}
 k - 2 scrolls of blinking {unknown}
 o - 3 scrolls of teleportation
 q - 2 scrolls of fear {unknown}
 s - a scroll of immolation
 D - 3 scrolls of amnesia {unknown}
Potions
 b - 3 potions of flight
 d - 3 potions of resistance
 h - 2 potions of might
 i - 3 potions of lignification
 l - a potion of attraction
 u - 2 potions of curing
 x - 2 potions of haste {unknown}


   Skills:
 + Level 3.8 Fighting
 + Level 3.5 Maces & Flails
 + Level 4.0 Armour
 + Level 3.4 Dodging
 - Level 2.1 Stealth
 + Level 6.0 Spellcasting
 + Level 6.4 Conjurations
 + Level 6.4 Fire Magic


You had 13 spell levels left.
You knew the following spells:

 Your Spells              Type           Power      Damage    Failure   Level
a - Foxfire               Conj/Fire      100%       2x1d9     1%          1
b - Scorch                Fire           74%        2d9       1%          2
c - Flame Wave            Conj/Fire      38%        2d9       7%          4

Your spell library contained the following spells:

 Spells                   Type           Power      Damage    Failure   Level
 Mephitic Cloud           Conj/Pois/Air  17%        N/A       12%         3
 Conjure Flame            Conj/Fire      38%        6-21      1%          3
 Inner Flame              Hex/Fire       22%        N/A       8%          3
 Apportation              Tloc           14%        N/A       10%         1
 Sting                    Tmut/Pois      28%        1d4       10%         1
 Blink                    Tloc           14%        N/A       14%         2
 Poisonous Vapours        Pois/Air       14%        N/A       14%         2
 Olgreb's Toxic Radiance  Pois           7%         N/A       67%         4
 Alistair's Intoxication  Tmut/Pois      4%         N/A       95%         5
 Manifold Assault         Tloc           7%         N/A       95%         5
 Storm Form               Tmut/Air       3%         N/A       100%        7


Dungeon Overview and Level Annotations

Branches:
Dungeon (10/15)            Temple (1/1) D:6
   Lair: D:8-11         Orc: D:9-12

Altars:
Hepliaklqana
Kikubaaqudgha
Qazlal
Sif Muna
Trog
Uskayaw
Vehumet
Wu Jian
Xom
Yredelemnul
The Shining One

Shops:
D:1 !!((   D:2 [

Annotations:
D:4 Dowan, Duvessa, Pikel


Innate Abilities, Weirdness & Mutations

You are immune to sickness and miasma.
Your stone body is resilient. (AC +6)
You are immune to poison.
You resist negative energy. (rN+)
You are resistant to electric shocks. (rElec)
You are resistant to unholy torment.
You are immune to petrification.


Message History

The steam dragon claws you but does no damage.
The steam dragon is no longer more vulnerable to fire.
The steam dragon breathes steam at you.
The ball of steam hits you but does no damage.
You are engulfed in a cloud of scalding steam.
A goblin comes into view. It is wielding a +0 hand axe.
You are too injured to fight recklessly!
You are too injured to fight recklessly!
The steam dragon barely misses you. x2
Casting: Foxfire (safe; 1% risk of failure)
Confirm with . or Enter, or press ? or * to list all spells.
You conjure some foxfire!
The steam dragon completely misses you.
The steam dragon claws you but does no damage.
Casting: Foxfire (safe; 1% risk of failure)
Confirm with . or Enter, or press ? or * to list all spells.
You conjure some foxfire!
The foxfire hits the steam dragon!
The steam dragon is moderately wounded.
The foxfire hits the steam dragon.
The steam dragon is heavily wounded.
The steam dragon breathes steam at you. The ball of steam hits you!
* * * LOW HITPOINT WARNING * * *
Casting: Foxfire (safe; 1% risk of failure)
Confirm with . or Enter, or press ? or * to list all spells.
You conjure some foxfire!
You are engulfed in a cloud of scalding steam.
* * * LOW HITPOINT WARNING * * *
The foxfire hits the steam dragon.
The steam dragon is heavily wounded.
The foxfire hits the steam dragon.
The steam dragon is severely wounded.
The steam dragon bites you.
* * * LOW HITPOINT WARNING * * *
The steam dragon closely misses you.
Your foxfire dissipates!
The foxfire hits the steam dragon.
The steam dragon is almost dead.
The steam dragon breathes steam at you. The ball of steam hits you!
You die...

#.#...#................####
#...##......##............#
....#..................##.#
............##.#.......##.#
..##.#..###.##.#....##.##.#####
.###.#.##
##.#.#.#.###........### .###...#
#.#.#.#.###.##(....... .#.###.##
##.#.#.#.##..........##
....##..###.....@..##..######..#
.....#.#.....g.§§####..# #..#
..>....#.≈≈≈≈≈§D.####..# #..#
.....###.≈##.##§.#v##..# #..#
....## #.≈#.).#≈..#§..## ##.#
.#.## #.≈#.∩.#≈.#.##.# #.# .###
#.≈#...#≈)#.##.########.# .#
#####.≈#####≈.#.#...........#
.###.##..≈≈≈≈≈≈≈)#....########.#


You could see a steam dragon (catching breath) and a goblin.

Vanquished Creatures
  Joseph (D:8)
  A shadow (D:8)
  A yak (D:9)
  Edmund (D:5)
  An ice beast (D:5)
  A necrophage (D:6)
  2 phantoms
  A kobold brigand (D:7)
  2 gnoll sergeants
  6 scorpions
  A water moccasin zombie (D:5)
  4 wights (D:7)
  A howler monkey (D:8)
  A centaur zombie (D:10)
  A jelly (D:6)
  2 orc priests
  2 hounds
  3 iguanas
  4 orc wizards
  Natasha (D:2)
  A hound skeleton (D:4)
  Robin (D:2)
  14 gnolls
  10 adders
  2 shadow imps
  2 white imps
  An ufetubus (D:7)
  An adder skeleton (D:4)
  2 dart slugs
  17 orcs
  7 ball pythons
  7 endoplasms
  4 giant cockroaches
  9 goblins
  7 hobgoblins
  4 jackals (D:3)
  5 quokkas
  8 bats
  3 frilled lizards
  9 kobolds
  6 rats
157 creatures vanquished.

Vanquished Creatures (others)
  390 foxfires
  3 fungi
393 creatures vanquished.

Grand Total: 550 creatures vanquished

Notes
Turn   | Place    | Note
-------+----------+-------------------------------------------
     0 | D:1      | mkm the Gargoyle Fire Elementalist began the quest for the
                  | Orb.
     0 | D:1      | Reached XP level 1. HP: 10/10 MP: 3/3
    59 | D:1      | Found Qonacz Bipown's Distillery.
   177 | D:1      | Reached XP level 2. HP: 9/15 MP: 0/5
   454 | D:1      | Found Syemify's Weapon Emporium.
   565 | D:1      | Found Zainaqet's Weapon Shop.
   630 | D:1      | Found Zused's Distillery.
  1058 | D:2      | Found Varph's Armour Shoppe.
  1066 | D:2      | Reached XP level 3. HP: 19/19 MP: 3/6
  1125 | D:2      | Learned a level 2 spell: Scorch
  1278 | D:2      | Noticed Robin
  1615 | D:2      | Killed Robin
  2067 | D:2      | Found a radiant altar of Vehumet.
  2073 | D:2      | Became a worshipper of Vehumet
  2109 | D:2      | Reached XP level 4. HP: 24/24 MP: 4/8
  2290 | D:2      | Noticed Natasha
  2297 | D:2      | Killed Natasha
  2883 | D:3      | Identified the amulet of Syndicalism {RegenMP Str+3 Slay+3}
  2958 | D:3      | Reached XP level 5. HP: 28/28 MP: 5/10
  3576 | D:4      | Reached * piety under Vehumet
  3576 | D:4      | Offered knowledge of Freeze by Vehumet.
  3655 | D:4      | Reached XP level 6. HP: 32/32 MP: 5/12
  3790 | D:4      | Noticed Dowan
  3790 | D:4      | Noticed Duvessa
  3838 | D:3      | You fall into a shaft and drop 1 floor!
  3838 | D:4      | Found a bloodstained altar of Trog.
  3894 | D:4      | You fall into a shaft and drop 3 floors!
  4217 | D:5      | Entered Level 5 of the Dungeon
  4235 | D:5      | Noticed Edmund
  4247 | D:5      | Found an ancient bone altar of Kikubaaqudgha.
  4270 | D:6      | Found a staircase to the Ecumenical Temple.
  4277 | Temple   | Entered the Ecumenical Temple
  4710 | D:6      | Reached XP level 7. HP: 27/36 MP: 9/13
  5137 | D:6      | Reached skill level 5 in Fire Magic
  5147 | D:6      | Reached skill level 5 in Conjurations
  5283 | D:6      | Found a basalt altar of Yredelemnul.
  5497 | D:5      | Killed Edmund
  5498 | D:5      | Reached skill level 1 in Fighting
  5498 | D:5      | Reached skill level 1 in Armour
  5498 | D:5      | Reached skill level 5 in Spellcasting
  5498 | D:5      | Reached XP level 8. HP: 43/43 MP: 9/15
  5500 | D:5      | Reached skill level 1 in Maces & Flails
  5886 | D:5      | Learned a level 4 spell: Flame Wave
  6067 | D:4      | Noticed Pikel
  6289 | D:7      | Found a radiant altar of Vehumet.
  6319 | D:7      | Reached ** piety under Vehumet
  6319 | D:7      | Offered knowledge of Shock by Vehumet.
  6347 | D:7      | Found a glowing golden altar of the Shining One.
  6546 | D:7      | Found the +7 Singing Sword {vorpal, sonic wave}
  7164 | D:7      | Found a shimmering altar of Xom.
  7543 | D:7      | Reached XP level 9. HP: 49/49 MP: 15/17
  7908 | D:8      | Noticed Joseph
  7957 | D:8      | Found a hazy altar of Hepliaklqana.
  8005 | D:8      | You fall into a shaft and drop 2 floors!
  8005 | D:10     | Entered Level 10 of the Dungeon
  8005 | D:10     | Found a hide-covered altar of Uskayaw.
  8139 | D:9      | Identified the +1 leather armour of Freedom {Int+4}
  8210 | D:9      | Found a shimmering blue altar of Sif Muna.
  8211 | D:9      | Found a stormy altar of Qazlal.
  8211 | D:9      | Found an ornate altar of the Wu Jian Council.
  8251 | D:9      | Offered knowledge of Mephitic Cloud by Vehumet.
  8822 | D:8      | Killed Joseph
  9148 | D:8      | Killed from afar by a steam dragon

Illustrated notes

Levels and vault maps discovered:
D:1:      saegor_arrival_simple_c, layout_basic, serial_shops,
          nicolae_shop_bloodbath_and_beyond, nicolae_shop_trees,
          nicolae_shop_waterfront, nicolae_shop_advertising_works
          [nicolae_subvault_shop_adworks]
D:2:      layout_basic, serial_shops, nicolae_shop_trees, basic_altar,
          uniq_natasha, uniq_robin
D:3:      layout_rooms, serial_glass, glass_columns_a, glass_columns_a,
          minmay_fountain_box
D:4:      layout_basic, trog_butcher_becter, hex_medium, uniq_pikel,
          uniq_duvessa
D:5:      layout_rooms, lemuel_doored_altar, minmay_misc_feat_rugged,
          minivault_24, uniq_edmund
D:6:      layout_loops_ring, nicolae_overflow_crystal_walls,
          minmay_temple_entry_slanted, portal_sewer_entry_f
D:7:      old_forge, layout_basic, vehumet_altar_wand_db,
          mainiacjoe_overflow_brackets, tso_altar, patterned_corridor
D:8:      layout_loops_ring, nzn_hepliaklqana_mist_gate, enter_bailey_3,
          uniq_joseph
D:9:      layout_roguey, fedhas_altar_4, grunt_temple_overflow_open
D:10:     layout_gridville, mainiacjoe_overflow_chevrons,
          mainiacjoe_overflow_alcove_1, uniq_grum
Temple:   nicolae_temple_figure_zero

Skill      XL: |  1  2  3  4  5  6  7  8  9 |
---------------+----------------------------+-----
Conjurations   | 2 3 4 5 6 |  6.4
Spellcasting   | 3 4 5 6 |  6.0
Fire Magic     | 4 5 6 |  6.4
Fighting       | 1 2 3 |  3.8
Armour         | 1 2 4 |  4.0
Maces & Flails | 2 3 |  3.5
Dodging        | 2 3 |  3.4
Stealth        | |  2.1

Action                   |  1- 3 |  4- 6 |  7- 9 || total
-------------------------+-------+-------+-------++-------
Melee: Unarmed           |    31 |       |       ||    31
       Dagger            |       |     4 |       ||     4
       Double sword      |       |       |     2 ||     2
 Cast: Foxfire           |    39 |    57 |   126 ||   222
       Scorch            |     9 |    26 |    76 ||   111
  Use: Scroll            |       |       |    11 ||    11
 Stab: Sleeping          |       |     1 |       ||     1
Armor: Robe              |    18 |    13 |    25 ||    56
       Leather armour    |       |       |    15 ||    15
Dodge: Dodged            |    25 |    21 |    59 ||   105
